 Dungeon Crawl Stone Soup version 0.31.0-11-ge490571c62 (webtiles) character file.

Game seed: 16948259053370444992

4 SnakkuSnakku7 the Ducker (level 1, 0/14 HPs)
             Began as a Merfolk Air Elementalist on Jan 31, 2024.
             Slain by a jackal (2 damage)
             ... on level 1 of the Dungeon.
             The game lasted 00:00:29 (107 turns).

SnakkuSnakku7 the Ducker (Merfolk Air Elementalist)  Turns: 107, Time: 00:00:30

Health: 0/14       AC:  2    Str:  8    XL:     1   Next: 60%
Magic:  3/3        EV: 12    Int: 14    God:
Gold:   6          SH:  0    Dex: 14    Spells: 3/4 levels left

rFire   . . .        (no weapon)
rCold   . . .        (no shield)
rNeg    . . .        a - +0 robe
rPois   .            (no helmet)
rElec   .            (no cloak)
rCorr   .            (no gloves)
SInv    .            (no boots)
Will    .....        (no amulet)
Stlth   ++           (no ring)
HPRegen 0.22/turn    (no ring)
MPRegen 0.08/turn

%: no passive effects
@: no status effects
A: (nimble swimmer 2), mertail
a: no special abilities


You were on level 1 of the Dungeon.
You visited 1 branch of the dungeon, and saw 1 of its levels.

You collected 6 gold pieces.

Inventory:

Armour
 a - a +0 robe (worn)
Scrolls
 c - a scroll of revelation {unknown}


   Skills:
 + Level 0.7 Fighting
 - Level 2.6 Dodging
 - Level 2.1 Stealth
 + Level 0.7 Unarmed Combat
 - Level 2.0 Spellcasting
 - Level 0.7 Conjurations
 - Level 2.4 Air Magic


You had 3 spell levels left.
You knew the following spells:

 Your Spells              Type           Power      Damage    Failure   Level
a - Shock                 Conj/Air       20%        1d4       13%         1

Your spell library contained the following spells:

 Spells                   Type           Power      Damage    Failure   Level
 Static Discharge         Conj/Air       10%        3-4/arc   19%         2
 Swiftness                Air            8%         N/A       26%         3
 Airstrike                Air            4%         2d(1-17)  65%         4


Dungeon Overview and Level Annotations

Branches:
Dungeon (1/15)

Altars:


Innate Abilities, Weirdness & Mutations

((You are very nimble when in or above water. (Stealth+, EV+, Speed+++)))
Your lower body shifts to a powerful aquatic tail in water.


Message History

The zap hits the jackal.
The jackal is almost dead.
The jackal bites you. The bat closely misses you.
Aiming: Shock (safe; 13% risk of failure)
Press: ? - help, Q - select action Shift-Dir - straight line, f/p - jackal
Aim: a jackal (almost dead, 55% to hit)
The zap hits the jackal.
The jackal is almost dead.
The zap hits the jackal.
The jackal is almost dead.
The zap hits the jackal.
You kill the jackal!
The bat hits you but does no damage. The jackal barely misses you.
The jackal bites you.
Unknown command.
You closely miss the jackal.
The jackal is almost dead.
The bat hits you. The jackal bites you. The bat hits you but does no damage.
You closely miss the jackal.
The jackal is almost dead.
The bat hits you but does no damage.
The jackal bites you but does no damage.
The jackal closely misses you. The jackal misses you. The bat hits you.
The jackal bites you but does no damage.
The bat closely misses you. The jackal attacks as it pursues you!
The jackal bites you but does no damage.
The jackal attacks as it pursues you! The jackal barely misses you.
The bat hits you. The jackal misses you. The bat attacks as it pursues you!
The bat closely misses you. The bat hits you.
The jackal attacks as it pursues you! The jackal bites you.
* * * LOW HITPOINT WARNING * * *
Magic courses through your body. The bat barely misses you.
The bat barely misses you. The jackal misses you.
You see here 4 stones.
The jackal attacks as it pursues you! The jackal barely misses you.
The jackal attacks as it pursues you! The jackal bites you.
* * * LOW HITPOINT WARNING * * *
The jackal bites you.
You die...

....†.............#
####..............#
###............##
###.............#
####.......r.†..##.# #
#....#.............####.##
##..............###.......#
....#.#..........##.......#
......#.........@##.......#
.#..#.#........bh#........#
#.##..........).hh........
#. ###....................
#. #.........#.......... ..
.#......##.........# ..
###### #.......### ...
##......# ### ........


You could see 2 jackals, a bat and a rat.

Vanquished Creatures
  An endoplasm (D:1)
  A jackal (D:1)
  A ball python (D:1)
  A frilled lizard (D:1)
4 creatures vanquished.

Notes
Turn   | Place    | Note
-------+----------+-------------------------------------------
     0 | D:1      | SnakkuSnakku7 the Merfolk Air Elementalist began the quest
                  | for the Orb.
     0 | D:1      | Reached XP level 1. HP: 13/13 MP: 3/3
   107 | D:1      | Slain by a jackal

Illustrated notes

Levels and vault maps discovered:
D:1:      tarquinn_simple_flora_water_a, layout_rooms, minivault_14,
          dreamdust_princess_bridge

Action                     || total
---------------------------++-------
  Melee: Unarmed           ||     3
   Cast: Shock             ||     8
    Use: Potion            ||     1
 Armour: Robe              ||    23
  Dodge: Dodged            ||    19
